 Dungeon Crawl Stone Soup version 0.16-a0-3761-g2321f2b (console) character file.

79 Monkaria the Chopper (level 4, -1/35 HPs)
             Began as a Demonspawn Fighter on Jan 24, 2015.
             Killed from afar by an orc wizard (4 damage)
             ... with a magic dart
             ... on level 3 of the Dungeon.
             The game lasted 00:01:39 (1386 turns).

Monkaria the Chopper (Demonspawn Fighter)           Turns: 1386, Time: 00:01:39

Health: -1/35      AC:  7    Str: 22    XL:     4   Next: 17%
Magic:  4/4        EV:  7    Int:  9    God:
Gold:   148        SH:  9    Dex: 15    Spells: 0 memorised, 3 levels left

rFire  . . .     SeeInvis .     a - +0 war axe
rCold  . . .     Clarity  .     b - +0 scale mail
rNeg   . . .     SustAb   .     c - +0 shield
rPois  .         Gourm    .     (no helmet)
rElec  .         Spirit   .     (no cloak)
rCorr  .         Warding  .     (no gloves)
rMut   .         Stasis   .     o - +0 pair of boots
MR     .....                    (no amulet)
Stlth  +.........               (no ring)
                                (no ring)

@: mighty, not resistant to hostile enchantments, very unstealthy
A: thin skeletal structure 1, spiny 2
a: no special abilities


You were on level 3 of the Dungeon.
You were not hungry.

You visited 1 branch of the dungeon, and saw 3 of its levels.

You collected 148 gold pieces.

Inventory:

Hand weapons
 a - a +0 war axe (weapon)
Armour
 b - a +0 scale mail (worn)
 c - a +0 shield (worn)
 o - a +0 pair of boots (worn)
Scrolls
 f - a scroll of blinking {unknown}
 h - 2 scrolls of amnesia {unknown}
 i - 2 scrolls of magic mapping {unknown}
 j - 3 scrolls of identify {unknown}
 k - 3 scrolls of teleportation {unknown}
 l - a scroll of enchant weapon {unknown}
Comestibles
 d - 4 bread rations
 g - 3 slices of pizza
 m - 2 chunks of flesh


   Skills:
 - Level 3.0 Fighting
 + Level 3.8 Axes
 - Level 3.0 Armour
 - Level 2.6 Shields


You had 3 spell levels left.
You didn't know any spells.

Dungeon Overview and Level Annotations

Branches:
Dungeon (3/15)

Altars:
Kikubaaqudgha
Okawaru
Xom
Yredelemnul
Zin


Innate Abilities, Weirdness & Mutations

You have a somewhat thin skeletal structure (Dex +2, Stealth).
You are mostly covered in sharp spines.


Message History

You feel very mighty all of a sudden. The orc hits you but does no damage. x2
The orc wizard hits you but does no damage.
You block the orc priest's attack.
Unknown command.
You slash the orc priest!
You kill the orc priest!
You have reached level 4!
Your demonic ancestry asserts itself...
Your bones become slightly less dense.
You feel agile.
You barely miss the orc.
The orc is lightly wounded.
Your shield prevents you from hitting the orc wizard.
You slash the orc!
You kill the orc!
You block the orc's attack. The orc wizard casts a spell at you.
The magic dart hits you!
You die...

... ...$ .....
......######..
...........#.#
...........#.#
#.....)o.?.#.#
#.....[@...#.#
#.....o....#.#
###.##.(...#.# #
#.....#.#
#.....#.######
#...(........# #..
#....(..)....# #..
######.......####..
#.............


You could see an orc wizard and an orc.

Vanquished Creatures
  An orc priest (D:3)
  An adder (D:3)
  A worm (D:3)
  3 orcs
  6 giant cockroaches
  4 goblins
  4 hobgoblins
  3 kobolds (D:1)
  2 bats (D:1)
  2 giant newts (D:2)
  3 rats
30 creatures vanquished.

Notes
Turn   | Place    | Note
--------------------------------------------------------------
     0 | D:1      | Monkaria, the Demonspawn Fighter, began the quest for the Orb.
     0 | D:1      | Reached XP level 1. HP: 18/18 MP: 1/1
   251 | D:1      | Gained mutation: You are partially covered in sharp spines. [demonic ancestry]
   251 | D:1      | Reached XP level 2. HP: 21/24 MP: 2/2
   588 | D:2      | Found an iron altar of Okawaru.
   588 | D:2      | Found a basalt altar of Yredelemnul.
   593 | D:2      | Found an ancient bone altar of Kikubaaqudgha.
   843 | D:2      | Found a glowing silver altar of Zin.
   919 | D:2      | Found a shimmering altar of Xom.
  1247 | D:3      | Gained mutation: You are mostly covered in sharp spines. [demonic ancestry]
  1247 | D:3      | Reached XP level 3. HP: 21/29 MP: 3/3
  1386 | D:3      | Gained mutation: You have a somewhat thin skeletal structure (Dex +2, Stealth). [demonic ancestry]
  1386 | D:3      | Reached XP level 4. HP: 3/35 MP: 4/4
  1386 | D:3      | Killed from afar by an orc wizard

Action                   |  1- 3 |  4- 6 || total
-------------------------+-------+-------++-------
Melee: War axe           |    94 |       ||    94
  Use: Potion            |     2 |       ||     2
  Eat: Chunk             |     2 |       ||     2
